AoeStats
← ask

Four Lakes

508497023Analyzed
1v1 RM · 24d ago on Sep 22, 2026· 34m 44s· 2 players
Game mode
Random Map
Map size
Tiny (2 player)
Population
200
Speed
Normal
Resources
Standard
Victory
Conquest
Starting age
Dark Age
Ending age
Imperial Age
RankedLock teamsTeams togetherTeam positionsShared explorationLock speedFull tech treeHidden civsTurbo modeCheats
Victory
Defeat
🇬🇧 Random · United Kingdom
2021
+12
vs
🇧🇷 Japanese · Brazil
1927
-12
ask
6:49 Loom
9:18 Feudal Age
10:07 Double-Bit Axe
17:10 Castle Age
15:39 Fletching
16:06 Gold Mining
16:33 Fishing Lines
16:46 Fishing Lines
17:50 Bodkin Arrow
18:42 Medium Warships
19:55 Pikeman
20:54 Scale Mail Armor
22:11 Arson
23:35 Chain Mail Armor
24:17 Squires
25:07 Stone Mining
26:10 Wheelbarrow
26:07 Gillnets
25:58 Horse Collar
30:33 Bloodlines
30:47 Husbandry
31:09 Town Watch
33:04 Heavy Plow
christar123 ten
6:56 Loom
9:14 Feudal Age
9:43 Double-Bit Axe
11:28 Bloodlines
16:48 Scale Barding Armor
22:11 Castle Age
20:38 Forging
20:22 Fishing Lines
20:22 Horse Collar
21:15 Gold Mining
23:14 Chain Barding Armor
23:31 Bow Saw
23:34 Husbandry
29:22 Heavy Plow
29:13 Stone Mining
30:21 Wheelbarrow
29:32 Town Watch
30:52 Iron Casting
36:32 Imperial Age
Connection lost

Rejoining the realm…

Still unreachable

The connection could not be restored.

Session expired

The server has moved on; the page needs a fresh start.